Map: New Repugnancy LE

Players

Solar

  • Race: Zerg Zerg
  • Spawn Location: 7:00

dark - Winner!

  • Race: Zerg Zerg
  • Spawn Location: 1:00

Event: IEM Season 13: Katowice (2019)

VOD

Have the link to the VOD?

Description

Time

  • Played on: March 2, 2019, 1:20 p.m.
  • Length: 3:41

All games in this series

Show
View Real Time Build Order
Export as new Build Order

Solar Zerg 

Build Orders: Pool First 

Get SALT Encoding   

  12  0:17  Spawning Pool  
  11  0:22  Drone  
  11  0:26  Drone  
  13  0:32  Drone  
  14  0:40  Overlord  
  14  1:05  Zergling x6  
  17  1:16  Zergling x2  
  18  1:27  Hatchery  
  18  1:31  Spine Crawler  
  18  1:32  Zergling x2  
  18  1:37  Zergling x2  
  19  1:51  Zergling x2  
  20  2:10  Spine Crawler, Zergling x2  
  20  2:23  Zergling x2  
  11  2:47  Zergling x2  
  9  3:10  Zergling x2  
Show
View Real Time Build Order
Export as new Build Order

dark Zerg - Winner!

Build Orders: Hatch First 

Get SALT Encoding   

  12  0:00  Drone  
  13  0:12  Overlord  
  13  0:17  Drone  
  14  0:31  Drone x2  
  14  0:35  Drone  
  17  0:51  Hatchery  
  17  0:55  Drone  
  17  1:01  Drone  
  18  1:09  Extractor  
  17  1:15  Spawning Pool  
  17  1:16  Drone  
  17  1:20  Drone  
  18  1:29  Drone  
  19  1:38  Drone  
  20  1:51  Overlord  
  20  2:02  Queen  
  20  2:04  Spine Crawler, Zergling x4  
  21  2:24  Zergling x2  
  16  2:32  Zergling x2  
  16  2:33  Zergling x2  
  14  2:43  Zergling x2  
  10  3:01  Zergling x2  

Tags
 
Add a new tag
Caveats
  • Supply blocks, unpowered buildings, or Contaminate may cause inaccurate times.
  • Supply counts are checked every 10 seconds.